 Dungeon Crawl Stone Soup version 0.28.0-49-g6dfe1f597d (webtiles) character file.

Game seed: 16983427169603544961

1029 pkoi the Ruffian (level 7, -15/58 HPs)
             Began as a Demigod Gladiator on May 11, 2022.
             Killed from afar by Maggie (23 damage)
             ... with a bolt of fire
             ... on level 6 of the Dungeon.
             The game lasted 00:06:11 (6087 turns).

pkoi the Ruffian (Demigod Gladiator)                Turns: 6087, Time: 00:06:12

Health: -15/58     AC: 10    Str: 19    XL:     7   Next: 72%
Magic:  9/9        EV: 13    Int: 14    God:
Gold:   149        SH:  0    Dex: 21    Spells: 6/6 levels left

rFire   . . .      SeeInvis +     - Unarmed
rCold   + . .      Faith    .   (no shield)
rNeg    . . .      Spirit   .   h - +1 ring mail {rPois}
rPois   +          Reflect  .   b - +0 helmet
rElec   .          Harm     .   (no cloak)
rCorr   .          Rampage  .   f - +0 pair of gloves
Will    .....                   m - +0 pair of boots
Stlth   ++........              s - amulet "Piqoveed" {rC+ Regen+ Dex+6 Slay+3 Stlth+}
HPRegen 0.99/turn               o - ring of see invisible
MPRegen 0.11/turn               (no ring)

@: mesmerised
A: high MP 1, forlorn, divine attributes
a: no special abilities


You were on level 6 of the Dungeon.
You visited 1 branch of the dungeon, and saw 6 of its levels.

You collected 149 gold pieces.

Inventory:

Hand Weapons
 g - a +0 dagger
 k - a +2 hand axe of venom
Missiles
 c - 3 throwing nets (quivered)
 w - 6 poisoned darts
Armour
 a - a +0 leather armour
 b - a +0 helmet (worn)
 e - a +0 plate armour
 f - a +0 pair of gloves (worn)
 h - a +1 ring mail of poison resistance (worn)
 m - a +0 pair of boots (worn)
Jewellery
 o - a ring of see invisible (left hand)
 s - the amulet "Piqoveed" (around neck) {rC+ Regen+ Dex+6 Slay+3 Stlth+}
   (You took it off an orc wizard on level 5 of the Dungeon)

   [amulet of regeneration]

   Dex:       It affects your dexterity (+6).
   Slay:      It affects your accuracy & damage with ranged weapons and melee
   (+3).
   rC:        It protects you from cold.
   Regen:     It increases your rate of health regeneration.
   Stlth:     It makes you more stealthy.
Wands
 d - a wand of polymorph (4)
 n - a wand of digging (1)
 p - a wand of flame (25)
 r - a wand of paralysis (4)
 v - a wand of iceblast (8)
Scrolls
 i - a scroll of amnesia
 l - a scroll of teleportation
 x - a scroll of blinking
Potions
 j - a potion of might
 q - a potion of mutation
 t - a potion of curing
 z - a potion of magic


   Skills:
 + Level 3.7 Fighting
 - Level 1.7 Throwing
 + Level 3.9 Armour
 + Level 3.4 Dodging
 * Level 6.8 Unarmed Combat


You had 6 spell levels left.
You didn't know any spells.
Your spell library contained the following spells:

 Spells                   Type           Power      Damage    Failure   Level
 Blink                    Tloc           0%         N/A       58%         2
 Ensorcelled Hibernation  Hex/Ice        0%         N/A       58%         2
 Passwall                 Tmut/Erth      0%         N/A       58%         2
 Lesser Beckoning         Tloc           0%         N/A       82%         3
 Swiftness                Air            0%         N/A       82%         3
 Manifold Assault         Tloc           0%         N/A       100%        5


Dungeon Overview and Level Annotations

Branches:
Dungeon (6/15)
 Temple: D:4-7

Annotations:
D:2 Sigmund
D:6 Maggie


Innate Abilities, Weirdness & Mutations

You have an increased reservoir of magic. (+10% MP)
You shall have no god before yourself.
Your divine heritage dramatically boosts your attributes as you level up.


Message History

Maggie misses you.
Unknown command.
Your +2 hand axe of venom stops dripping with poison.
You are now empty-handed.
Maggie barely misses you.
You hit Maggie.
Maggie is moderately wounded.
You barely miss Maggie.
Maggie is heavily wounded.
Maggie says, "If you die in the Dungeon, but nobody's around to see it, does it really matter?"
Maggie hits you with a +0 vorpal war axe.
* * * LOW HITPOINT WARNING * * *
x2 You barely miss Maggie.
Maggie is heavily wounded.
Maggie hits you with a +0 vorpal war axe!
* * * LOW HITPOINT WARNING * * *
x2 Unknown command.
You hit Maggie but do no damage.
Maggie is heavily wounded.
Maggie barely misses you.
Unknown command.
You punch Maggie!
Maggie is severely wounded.
Maggie barely misses you.
Unknown command.
You closely miss Maggie.
Maggie is severely wounded.
Maggie hits you with a +0 vorpal war axe!
* * * LOW HITPOINT WARNING * * *
x2 Unknown command.
You hit Maggie.
Maggie is severely wounded.
Maggie casts a spell at you. The bolt of fire hits you!
* * * LOW HITPOINT WARNING * * *
Unknown command.
Okay, then.
You cannot move away from Maggie!
Maggie points at you and mumbles some strange words.
The bolt of fire hits you!!
You die...

#......#
##.###.######### #.#
#.........#
#.###.#.#####>#
######........####.#
#.......###.....##.#
#.......# #...#.##.#
#.......# ##.##.##.#
#.......# #..@....#
.##.......#
####@####
.......[..# #.#
.##.......# ##.#
####.#.#### #..#
#......# #.##
#.##.###### #.#
..#.......# #.#
..........#
#.###############


You could see Maggie (mesmerising, very poisoned).

Vanquished Creatures
  Grinder (D:6)
  A black bear (D:5)
  2 centaurs
  2 scorpions (D:5)
  A water moccasin zombie (D:3)
  A hound (D:5)
  An orc priest (D:5)
  Jessica (D:1)
  A centaur skeleton (D:5)
  2 iguanas
  3 orc wizards
  4 gnolls (D:5)
  2 adders
  A white imp (D:5)
  3 worms
  A dart slug (D:1)
  11 orcs
  7 ball pythons
  2 endoplasms
  2 goblins
  6 hobgoblins
  4 quokkas
  A frilled lizard (D:2)
  3 kobolds
  A rat (D:1)
64 creatures vanquished.

Vanquished Creatures (collateral kills)
  A jelly (D:6)
1 creature vanquished.

Vanquished Creatures (others)
  An orc wizard (D:3)
1 creature vanquished.

Grand Total: 66 creatures vanquished

Notes
Turn   | Place    | Note
-------+----------+-------------------------------------------
     0 | D:1      | pkoi the Demigod Gladiator began the quest for the Orb.
     0 | D:1      | Reached XP level 1. HP: 17/17 MP: 3/3
   304 | D:1      | Reached skill level 3 in Unarmed Combat
   652 | D:1      | Reached XP level 2. HP: 12/24 MP: 4/4
  1315 | D:2      | Noticed Jessica
  1318 | D:2      | Noticed Sigmund
  1538 | D:1      | Killed Jessica
  1539 | D:1      | Reached skill level 1 in Armour
  1539 | D:1      | Reached XP level 3. HP: 23/29 MP: 5/5
  2053 | D:3      | Reached skill level 4 in Unarmed Combat
  2494 | D:3      | Reached XP level 4. HP: 29/36 MP: 6/6
  3563 | D:4      | Reached XP level 5. HP: 38/41 MP: 7/7
  3662 | D:4      | Noticed an ogre
  4056 | D:5      | Entered Level 5 of the Dungeon
  4129 | D:5      | Reached skill level 5 in Unarmed Combat
  4512 | D:5      | Reached XP level 6. HP: 39/50 MP: 8/8
  5311 | D:5      | Reached skill level 6 in Unarmed Combat
  5311 | D:5      | Reached XP level 7. HP: 23/57 MP: 9/9
  5418 | D:5      | Identified the amulet "Piqoveed" {rC+ Regen+ Dex+6 Slay+3
                  | Stlth+}
  5779 | D:6      | Noticed Grinder
  5988 | D:6      | Killed Grinder
  6046 | D:6      | Noticed Maggie
  6087 | D:6      | Killed from afar by Maggie

Illustrated notes

Levels and vault maps discovered:
D:1:      dpeg_arrival_shrine, layout_basic,
          hellmonk_ecumenical_altar_arch_garden
D:2:      layout_rooms, hex_medium, uniq_natasha, uniq_sigmund, uniq_jessica
D:3:      layout_loops_corners
D:4:      layout_loops_ring
D:5:      layout_loops_ring, mainiacjoe_overflow_24_doors
D:6:      layout_loops_cross, minivault_5, uniq_grinder, uniq_maggie

Skill      XL: |  1  2  3  4  5  6 |
---------------+-------------------+-----
Unarmed Combat | 3 4 5 6 |  6.8
Armour         | 1 2 3 |  3.9
Fighting       | 2 3 |  3.7
Dodging        | 3 |  3.4
Throwing       | |  1.7

Action                   |  1- 3 |  4- 6 |  7- 9 || total
-------------------------+-------+-------+-------++-------
Melee: Unarmed           |   107 |   121 |    18 ||   246
       Punch             |     3 |     6 |     1 ||    10
       Hand axe          |       |    40 |    27 ||    67
Evoke: Wand              |       |       |     4 ||     4
  Use: Scroll            |     3 |     5 |     6 ||    14
       Potion            |     1 |       |       ||     1
 Stab: Paralysed         |       |       |     4 ||     4
Armor: Plate armour      |    61 |     6 |       ||    67
       Leather armour    |     1 |       |       ||     1
       Ring mail         |       |    45 |    16 ||    61
Dodge: Dodged            |    37 |    99 |    16 ||   152
